 Dungeon Crawl Stone Soup version 0.28.0 (webtiles) character file.

Game seed: 14599244509328596917

23 trckry the Conjurer (level 2, -1/19 HPs)
             Began as a Demonspawn Wanderer on Feb 12, 2022.
             Was an Initiate of Ashenzari.
             Slain by a jelly (2 damage)
             ... on level 4 of the Dungeon.
             The game lasted 00:03:36 (911 turns).

trckry the Conjurer (Demonspawn Wanderer)            Turns: 911, Time: 00:03:36

Health: -1/19      AC: -4    Str: 11    XL:     2   Next: 72%
Magic:  4/4        EV: 12    Int: 13    God:    Ashenzari [......]
Gold:   59         SH:  0    Dex: 13    Spells: 3/4 levels left

rFire   . . .      SeeInvis .   d - +0 hand axe
rCold   . . .      Faith    .   (no shield)
rNeg    . . .      Spirit   .   c - +0 robe
rPois   .          Reflect  .   (no helmet)
rElec   .          Harm     .   b - +0 cloak
rCorr   .          Rampage  .   (no gloves)
Will    .....                   (no boots)
Stlth   +.........              (no amulet)
HPRegen 0.06/turn               (no ring)
MPRegen 0.09/turn               (no ring)

@: corroded
A: demonic touch 1
a: Renounce Religion, Curse Item


You were on level 4 of the Dungeon.
You worshipped Ashenzari.
Ashenzari was noncommittal.
You visited 1 branch of the dungeon, and saw 4 of its levels.

You collected 59 gold pieces.

Inventory:

Hand Weapons
 d - a +0 hand axe (weapon)
Armour
 b - a +0 cloak (worn)
 c - a +0 robe (worn)
Jewellery
 h - a +4 ring of evasion
Scrolls
 a - 2 scrolls of identify {unknown}
 e - 2 scrolls of vulnerability {unknown}
 g - 2 scrolls of immolation {unknown}
Potions
 f - a potion of attraction {unknown}
 i - 2 potions of invisibility {unknown}


   Skills:
 - Level 1.0 Maces & Flails
 - Level 1.0 Armour
 - Level 2.6 Dodging
 * Level 0.3 Unarmed Combat
 + Level 1.5 Spellcasting
 + Level 4.2 Conjurations
 + Level 1.0 Air Magic


You had 3 spell levels left.
You knew the following spells:

 Your Spells              Type           Power      Damage    Failure   Level
a - Shock                 Conj/Air       28%        1d4       9%          1

Your spell library contained the following spells:

 Spells                   Type           Power      Damage    Failure   Level
 Stone Arrow              Conj/Erth      12%        3d7       32%         3
 Swiftness                Air            3%         N/A       45%         3
 Tukima's Dance           Hex            1%         N/A       63%         3
 Fulminant Prism          Conj/Hex       3%         3d6       73%         4
 Airstrike                Air            1%         N/A       86%         4
 Anguish                  Hex/Necr       0%         N/A       95%         4
 Enfeeble                 Hex            0%         N/A       100%        7


Dungeon Overview and Level Annotations

Branches:
Dungeon (4/15)
 Temple: D:4-7

Altars:
Ashenzari


Innate Abilities, Weirdness & Mutations

Your touch may inflict minor irresistible damage on your foes.


Message History

Things that are here:
a +1 whip of freezing; a +0 dagger
Things that are here:
a +1 whip of freezing; a +0 dagger A giant cockroach comes into view.
Found 5 arrows.
Found 2 puce potions.
You see here 5 arrows.
i - 2 puce potions HP restored.
Things that are here:
a +1 whip of freezing; a +0 dagger You now have 59 gold pieces (gained 11).
A giant cockroach is nearby!
Found a plate armour.
The giant cockroach closely misses you.
You hit the giant cockroach.
You kill the giant cockroach!
No target in view!
Found a stone staircase leading down.
There is a stone staircase leading down here.
You climb downwards.
Found a stone staircase leading down.
There is a stone staircase leading up here.
The jelly barely misses you.
You hit the jelly. The acid corrodes you!
Your hands burn!
You touch the jelly.
The jelly is moderately wounded.
The jelly closely misses you.
You hit the jelly but do no damage.
Your hands burn!
You touch the jelly.
The jelly is heavily wounded.
The jelly hits you.
You are splashed with acid.
You hit the jelly but do no damage.
Your hands burn!
* * * LOW HITPOINT WARNING * * *
The jelly is heavily wounded.
The jelly completely misses you.
You hit the jelly. The acid corrodes you!
Your hands burn!
* * * LOW HITPOINT WARNING * * *
The jelly is severely wounded.
The jelly hits you.
You die...

## ## ### #. ..
..>.##. .#
.......####.#
#....<.@J.#
#................
#################


You could see a jelly.

Vanquished Creatures
  A dart slug (D:1)
  An orc (D:3)
  2 ball pythons (D:1)
  2 bats (D:1)
  3 giant cockroaches
  A hobgoblin (D:2)
  4 goblins
  2 kobolds (D:1)
  2 rats (D:1)
18 creatures vanquished.

Notes
Turn   | Place    | Note
-------+----------+-------------------------------------------
     0 | D:1      | trckry the Demonspawn Wanderer began the quest for the Orb.
     0 | D:1      | trckry set off with the following items: a +0 mace, a +0
                  | cloak, a +0 robe; and the following spell memorised: Shock;
                  | and the following spells available to memorise: Stone
                  | Arrow, Fulminant Prism
     0 | D:1      | Reached XP level 1. HP: 13/13 MP: 2/2
    80 | D:1      | Found a faded altar of an unknown god.
    90 | D:1      | Prayed at the altar of an unknown god.
    90 | D:1      | Became a worshipper of Ashenzari the Shackled
   353 | D:1      | Discovered your monstrous ancestry.
   353 | D:1      | Gained mutation: Your touch may inflict minor irresistible
                  | damage on your foes. [demonic ancestry]
   353 | D:1      | Reached XP level 2. HP: 19/19 MP: 3/3
   505 | D:1      | Reached skill level 1 in Air Magic
   911 | D:4      | HP: 1/19 [acid (4)]
   911 | D:4      | Slain by a jelly

Illustrated notes

Levels and vault maps discovered:
D:1:      grunt_arrival_crossed_arrows, layout_rooms, basic_ecumenical_altar
D:2:      layout_loops_corners, basic_altar, grunt_ministairs_7, uniq_natasha
D:3:      layout_rooms, nemelex_spade_bored_becter,
          mainiacjoe_overflow_big_doors
D:4:      layout_loops_ring, minmay_close_crescents

Skill      XL: |  1  2 |
---------------+-------+-----
Air Magic      | 1 |  1.0
Maces & Flails | |  1.0
Armour         | |  1.0
Dodging        | |  2.6
Unarmed Combat | |  0.3
Spellcasting   | |  1.5
Conjurations   | |  4.2

Action                   || total
-------------------------++-------
Melee: Hand axe          ||    56
       Mace              ||     2
       Touch             ||     3
 Stab: Sleeping          ||     1
Armor: Robe              ||    16
Dodge: Dodged            ||    31
